 Dungeon Crawl Stone Soup version 0.30-a0-347-gf58ed52 (webtiles) character file.

Game seed: 15281002125336079581

8226 Dorkslayer the Covert (level 11, -4/72 HPs)
             Began as an Octopode Brigand on Nov 5, 2022.
             Was an Initiate of Gozag.
             Killed by vampiric draining
             ... invoked by a vampire
              (11 damage)
             ... on level 10 of the Dungeon.
             The game lasted 00:22:47 (7186 turns).

Dorkslayer the Covert (Octopode Brigand)            Turns: 7186, Time: 00:22:48

Health: -4/72      AC:  1    Str: 11    XL:     11   Next: 27%
Magic:  20/20      EV: 20    Int: 15    God:    Gozag
Gold:   130        SH:  0    Dex: 16    Spells: 22/22 levels left

rFire   . . .      SeeInvis .    t - +7 dagger (flame)
rCold   . . .      Faith    .    (no shield)
rNeg    . . .      Spirit   .    (helmet restricted)
rPois   .          Reflect  .    (no amulet)
rElec   .          Harm     .    i - +4 ring of evasion
rCorr   .          Rampage  .    (no ring)
Will    .....                    (no ring)
Stlth   ++++++....               (no ring)
HPRegen 0.32/turn                (no ring)
MPRegen 0.17/turn                (no ring)
                                 (no ring)
                                 (no ring)

@: invisible
A: almost no armour, amphibious, 8 rings, camouflage 1, gelatinous body 1,
(nimble swimmer 1), tentacles
a: Renounce Religion, Potion Petition, Call Merchant, Bribe Branch


You were on level 10 of the Dungeon.
You worshipped Gozag.
Gozag was aware of your devotion.
You visited 2 branches of the dungeon, and saw 11 of its levels.
You also visited: Sewer.

You collected 1149 gold pieces.
You spent 955 gold pieces at shops.
You paid 64 gold pieces to Gozag.

Inventory:

Hand Weapons
 a - a +2 dagger
 t - a +7 dagger of flaming (weapon)
Missiles
 b - 33 poisoned darts
 c - 2 curare-tipped darts (quivered)
 n - 2 throwing nets
Jewellery
 i - a +4 ring of evasion (left tentacle)
Wands
 m - a wand of flame (8)
 o - a wand of polymorph (9)
 u - a wand of quicksilver (2)
 v - a wand of charming (2)
Scrolls
 e - 3 scrolls of enchant armour
 f - a scroll of silence {unknown}
 g - 3 scrolls of teleportation
 k - a scroll of fog
 p - a scroll of vulnerability {unknown}
 r - a scroll of poison
 y - a scroll of identify
Potions
 d - 3 potions of curing
 h - 5 potions of brilliance
 j - a potion of might
 l - 2 potions of magic
 q - 2 potions of mutation
 s - a potion of haste {unknown}


   Skills:
 + Level 5.8 Fighting
 + Level 7.1 Short Blades
 + Level 5.1 Throwing
 + Level 6.4 Dodging
 + Level 13.5 Stealth
 + Level 4.3 Unarmed Combat
 * Level 6.4 Spellcasting
 * Level 8.5 Evocations


You had 22 spell levels left.
You didn't know any spells.
Your spell library contained the following spells:

 Spells                   Type           Power      Damage    Failure   Level
 Beastly Appendage        Tmut           8%         N/A       14%         1
 Sandblast                Erth           8%         2d5       14%         1
 Slow                     Hex            16%        N/A       14%         1
 Ensorcelled Hibernation  Hex/Ice        8%         N/A       22%         2
 Passwall                 Tmut/Erth      3%         N/A       22%         2
 Wereblood                Tmut           4%         N/A       22%         2
 Confusing Touch          Hex            4%         N/A       38%         3
 Inner Flame              Hex/Fire       4%         N/A       38%         3
 Spider Form              Tmut/Pois      4%         N/A       38%         3
 Stone Arrow              Conj/Erth      8%         3d7       38%         3
 Vampiric Draining        Necr           4%         2d6       38%         3
 Anguish                  Hex/Necr       2%         N/A       80%         4
 Cause Fear               Hex            2%         N/A       80%         4
 Discord                  Hex            2%         N/A       100%        8


Dungeon Overview and Level Annotations

Branches:
Dungeon (11/15)            Temple (1/1) D:4            Lair (0/5) D:11
  Sewer (visited)
    Orc: D:9-12

Altars:
Ashenzari
Cheibriados
Dithmenos
Elyvilon
Fedhas
Gozag
Hepliaklqana
Kikubaaqudgha
Makhleb
Nemelex Xobeh
Okawaru
Qazlal
Ru
Sif Muna
Trog
Uskayaw
Vehumet
Wu Jian
Xom
Yredelemnul
Zin
The Shining One

Shops:
D:7 :**


Innate Abilities, Weirdness & Mutations

You cannot wear most types of armour.
You are amphibious.
You can wear up to eight rings at the same time.
Your skin changes colour to match your surroundings (Stealth+).
Your rubbery body absorbs attacks. (AC +1, EV +1)
((You are camouflaged when in or above water. (Stealth+)))
You have tentacles for arms and can constrict up to eight enemies at once.


Message History

The yak closely misses you.
You puncture the yak! You burn the yak. Your squeeze misses the yak.
The yak is almost dead.
The yak gores you.
You puncture the yak! You burn the yak.
You kill the yak!
You now have 51 gold pieces (gained 19).
You now have 130 gold pieces (gained 79).
Found a whip and a scroll of enchant armour.
e - 3 scrolls of enchant armour (gained 1)
Found a stone staircase leading down.
A vampire comes into view.
The vampire mumbles some strange words.
The vampire flickers and vanishes!
Deactivating autopickup; reactivate with Ctrl-A.
Something hits you! Something completely misses you.
You hit something. You burn something. You squeeze something.
You feel a little less mighty now. Something hits you.
Something barely misses you.
You hit something. You burn something. You squeeze something.
Something hits you. Something misses you.
You fade into invisibility!
Something hits you! Something bites you!
* * * LOW HITPOINT WARNING * * *
Something draws strength from your injuries!
You feel much better. Something hits you! Something bites you.
Something draws strength from your injuries!
You miss something. You squeeze something. You hit something but do no damage.
You squeeze something. Something hits you!
* * * LOW HITPOINT WARNING * * *
Something bites you.
* * * LOW HITPOINT WARNING * * *
Something draws strength from your injuries!
Aiming: Quicksilver Bolt
Press: ? - help, Shift-Dir - straight line The bolt of dispelling energy hits something!!
Reactivating autopickup.
The vampire's magical effects unravel!
The vampire draws life force from you!
You die...
Your body crumbles into a pile of gold.

#..# #.. #..# #..
#..# #... #..#
#... #..#
###...###>.#
...........######
..................
##..V@..........
#..###..######.
#.. #..# #. #..#
#..# #..# #..# ..#


You could see a vampire.

Vanquished Creatures
  Sigmund (D:4)
  A vampire (D:6)
  6 yaks (D:10)
  A steam dragon (D:6)
  The ghost of Sixotanaka the Slasher, an amateur BaRe (D:3)
  A vampire mosquito (D:11)
  A water moccasin (D:6)
  A sky beast (D:6)
  2 ice beasts
  2 ogres (D:3)
  2 phantoms (D:6)
  3 kobold brigands
  A necrophage (D:5)
  A scorpion (D:6)
  3 killer bees (D:4)
  2 jellies
  3 hounds
  4 iguanas
  An orc wizard (D:5)
  10 gnolls
  15 adders
  4 river rats (Sewer)
  5 worms
  2 dart slugs
  13 orcs
  15 ball pythons
  5 endoplasms
  6 giant cockroaches
  8 goblins
  3 hobgoblins
  13 jackals
  4 quokkas
  4 bats
  11 frilled lizards
  28 kobolds
  16 rats
199 creatures vanquished.

Vanquished Creatures (others)
  10 fungi
  18 plants (Sewer)
28 creatures vanquished.

Grand Total: 227 creatures vanquished

Notes
Turn   | Place    | Note
-------+----------+-------------------------------------------
     0 | D:1      | Dorkslayer the Octopode Brigand began the quest for the
                  | Orb.
     0 | D:1      | Reached XP level 1. HP: 14/14 MP: 1/1
   139 | D:1      | Reached skill level 6 in Stealth
   139 | D:1      | Reached XP level 2. HP: 19/19 MP: 2/2
   740 | D:1      | Reached XP level 3. HP: 24/24 MP: 3/3
  1128 | D:2      | Reached XP level 4. HP: 28/29 MP: 4/4
  1377 | D:2      | Reached skill level 7 in Stealth
  1621 | D:3      | Reached XP level 5. HP: 30/34 MP: 5/5
  2125 | D:3      | Noticed Sixotanaka's ghost (amateur BaRe)
  2126 | D:3      | Found a transporter.
  2126 | D:3      | Noticed an ogre
  2128 | D:3      | Identified the +6 giant club "Neurghuth" {drain, Fly rElec
                  | Str+6}
  2128 | D:3      | Noticed an ogre
  2175 | D:3      | Found a transporter.
  2377 | D:3      | Killed an ogre
  2378 | D:3      | Reached skill level 8 in Stealth
  2378 | D:3      | Reached skill level 1 in Evocations
  2378 | D:3      | Reached XP level 6. HP: 39/39 MP: 6/6
  2385 | D:3      | Killed Sixotanaka's ghost
  2386 | D:3      | Reached XP level 7. HP: 10/45 MP: 7/7
  2657 | D:4      | Reached skill level 9 in Stealth
  3019 | D:4      | Found a snail-covered altar of Cheibriados.
  3065 | D:4      | Found a staircase to the Ecumenical Temple.
  3072 | D:4      | Found a hazy altar of Hepliaklqana.
  3077 | Temple   | Entered the Ecumenical Temple
  3084 | Temple   | Became a worshipper of Gozag Ym Sagoz the Greedy
  3162 | D:4      | Noticed Sigmund
  3172 | D:4      | Killed Sigmund
  3175 | D:4      | Reached XP level 8. HP: 51/52 MP: 8/8
  3386 | D:4      | Found an iron altar of Okawaru.
  3448 | D:5      | Entered Level 5 of the Dungeon
  3469 | D:5      | Found a radiant altar of Vehumet.
  3469 | D:5      | Found a burning altar of Makhleb.
  3475 | D:5      | Found a shimmering altar of Xom.
  3477 | D:5      | Found a white marble altar of Elyvilon.
  3479 | D:5      | Found a hide-covered altar of Uskayaw.
  3483 | D:5      | Found a stormy altar of Qazlal.
  3564 | D:5      | Found a glowing drain.
  3568 | Sewer    | Entered a sewer
  4099 | Sewer    | Reached skill level 10 in Stealth
  4456 | D:5      | Found a sparkling altar of Nemelex Xobeh.
  4610 | D:5      | Found an ornate altar of the Wu Jian Council.
  4891 | D:6      | Reached skill level 5 in Short Blades
  4891 | D:6      | Reached skill level 11 in Stealth
  5133 | D:6      | Reached skill level 1 in Spellcasting
  5383 | D:6      | Reached skill level 5 in Dodging
  5383 | D:6      | Reached skill level 12 in Stealth
  5383 | D:6      | Reached XP level 9. HP: 60/60 MP: 10/16
  5384 | D:6      | Reached skill level 5 in Fighting
  5384 | D:6      | Reached skill level 5 in Throwing
  5384 | D:6      | Reached skill level 13 in Stealth
  5384 | D:6      | Reached XP level 10. HP: 68/68 MP: 10/19
  5417 | D:6      | Reached XP level 11. HP: 72/72 MP: 15/20
  5585 | D:6      | HP: 3/72 [something (8)]
  6607 | D:7      | Found Madghaw's Assorted Antiques.
  6610 | D:7      | Bought a scroll of brand weapon for 323 gold pieces
  6610 | D:7      | Bought a lumpy white potion for 30 gold pieces
  6610 | D:7      | Bought a bronze wand for 136 gold pieces
  6610 | D:7      | Bought a scroll labelled QURRIA IKLAN for 34 gold pieces
  6610 | D:7      | Bought a potion of invisibility for 272 gold pieces
  6677 | D:7      | Found Sothuole's Book Shoppe.
  6793 | D:7      | Found Yffeuc's Assorted Antiques.
  6801 | D:7      | Bought a potion of heal wounds for 100 gold pieces
  6801 | D:7      | Bought a scroll of identify for 40 gold pieces
  6801 | D:7      | Bought a scroll labelled QURRIA IKLAN for 20 gold pieces
  6844 | D:8      | You fall into a shaft and drop 3 floors!
  6976 | D:11     | Found a staircase to the Lair.
  7095 | D:10     | Entered Level 10 of the Dungeon
  7186 | D:10     | Killed from afar by a vampire

Illustrated notes

Levels and vault maps discovered:
D:1:      lightli_arrival_quake, layout_loops_ring, minmay_door_square
D:2:      layout_loops_ring
D:3:      layout_rooms, gammafunk_ghost_smash, kennysheep_generic_room_3
D:4:      layout_rooms, mainiacjoe_overflow_concentric_impassable,
          lemuel_coloured_pillars_altar, mainiacjoe_overflow_boulevard,
          roderic_lattice_a, uniq_sigmund
D:5:      layout_basic, mainiacjoe_overflow_surrounded_room, lemuel_tele_altar,
          nicolae_overflow_hallway_of_the_gods, gup_sewer_entry_spiral
D:6:      layout_basic, dreamdust_mushroom_princess, minmay_bent
D:7:      layout_loops_ring, serial_shops, kennysheep_mini, shop,
          nicolae_shop_waterfront
D:8:      layout_gridville, enter_bailey_5, minmay_fire_ice_demons
D:10:     layout_long_grid, hellmonk_guarded_unrand_cigotuvi, uniq_joseph,
          uniq_harold, uniq_urug
D:11:     layout_basic, lair_entry_dummy, kennysheep_windowed_goal
Temple:   minmay_freezing_vapour_temple

Skill      XL: |  1  2  3  4  5  6  7  8  9 |
---------------+----------------------------+-----
Stealth        | 6 7 8 9 12 13 | 13.5
Short Blades   | 3 4 6 7 |  7.1
Dodging        | 2 3 5 6 |  6.4
Evocations     | 1 2 3 7 8 |  8.5
Fighting       | 3 4 5 |  5.8
Spellcasting   | 4 6 |  6.4
Throwing       | 4 5 |  5.1
Unarmed Combat | 3 4 |  4.3

Action                   |  1- 3 |  4- 6 |  7- 9 | 10-12 || total
-------------------------+-------+-------+-------+-------++-------
Melee: Dagger            |    67 |    77 |   194 |    72 ||   410
       Constrict         |    13 |    15 |    52 |     7 ||    87
       Tentacles         |    11 |    18 |    44 |    19 ||    92
       Punch             |       |       |     4 |     2 ||     6
Throw: Dart              |       |     2 |     5 |     2 ||     9
Evoke: Wand              |       |     4 |     2 |     3 ||     9
  Use: Scroll            |       |    10 |    11 |     5 ||    26
       Potion            |       |       |     6 |     6 ||    12
 Stab: Sleeping          |    14 |    11 |    26 |     4 ||    55
       Distracted        |     1 |       |     2 |     1 ||     4
Armor: Skin              |     1 |     6 |     3 |     3 ||    13
Dodge: Dodged            |    44 |    73 |    85 |    27 ||   229

Table legend: (Time is in decaauts)
 A = Elapsed time spent in this place.
 B = Non-inter-level travel time spent in this place.
 C = Inter-level travel time spent in this place.
 D = Time resting spent in this place.
 E = Time spent auto-exploring this place.
 F = Levels seen in this place.
 G = Mean time per level.
                   A        B        C        D        E       F      G
               +--------+--------+--------+--------+--------+-----+--------+
         Total |   7094 |   7094 |      0 |    409 |   3840 |  12 |  591.2 |
       Dungeon |   6477 |   6477 |      0 |    409 |   3629 |  10 |  647.7 |
        Temple |     12 |     12 |      0 |      0 |      0 |   1 |   12.0 |
         Sewer |    603 |    603 |      0 |      0 |    211 |   1 |  603.0 |
               +--------+--------+--------+--------+--------+-----+--------+

Top non-repeatable levels by time:
     D:6: 1389 daAuts
     D:3: 1091 daAuts
     D:1: 840 daAuts
     D:5: 797 daAuts
     D:2: 751 daAuts
     D:4: 722 daAuts
   Sewer: 603 daAuts
     D:7: 538 daAuts
    D:11: 250 daAuts
    D:10: 79 daAuts
     D:8: 16 daAuts
  Temple: 12 daAuts
